 Dungeon Crawl Stone Soup version 0.24.0-125-gc4c63601f3 (webtiles) character file.

Game seed: 17783489326623994944, levelgen mode: deterministic

458 Curus the Chopper (level 7, -3/57 HPs)
             Began as a Hill Orc Abyssal Knight on Mar 20, 2020.
             Was a Believer of Lugonu.
             Slain by an iguana (4 damage)
             ... on level 4 of the Dungeon.
             The game lasted 00:14:16 (3191 turns).

Curus the Chopper (Hill Orc Abyssal Knight)         Turns: 3191, Time: 00:14:17

Health: -3/57      AC: 11    Str: 15      XL:     7   Next: 6%
Magic:  20/21      EV:  6    Int: 12      God:    Lugonu [**....]
Gold:   246        SH:  0    Dex: 10 (12) Spells: 6/6 levels left

rFire    . . .     SeeInvis .   i - +0 war axe
rCold    . . .     Gourm    .   (no shield)
rNeg     . . .     Faith    .   q - +0 chain mail
rPois    .         Spirit   .   (no helmet)
rElec    .         Reflect  .   (no cloak)
rCorr    .         Harm     +   m - +0 pair of gloves
MR       .....                  e - +1 pair of boots (curse)
Stlth    ..........             h - amulet of harm
HPRegen  0.19/turn              j - ring of wizardry
MPRegen  0.17/turn              k - ring of magical power

@: lethally poisoned (-3 -> -3)
A: no striking features
a: Depart the Abyss, Bend Space, Renounce Religion


You were on level 4 of the Dungeon.
You worshipped Lugonu.
Lugonu was pleased with you.
You were not hungry.

You visited 1 branch of the dungeon, and saw 4 of its levels.
You visited the Abyss 1 time.

You collected 246 gold pieces.

Inventory:

Hand Weapons
 a - a +1 hand axe
 i - a +0 war axe (weapon)
Armour
 b - a +0 leather armour
 e - a cursed +1 pair of boots (worn)
 l - a +0 scale mail
 m - a +0 pair of gloves (worn)
 q - a +0 chain mail (worn)
Jewellery
 h - an amulet of harm (around neck)
 j - a ring of wizardry (left hand)
 k - a ring of magical power (right hand)
Wands
 o - a wand of random effects (23)
Scrolls
 d - 5 scrolls of identify
 f - 2 scrolls of amnesia
 p - a scroll of noise
Potions
 g - 4 potions of curing
Comestibles
 c - 6 rations


   Skills:
 - Level 3.6 Fighting
 + Level 7.1 Axes
 - Level 2.1 Armour
 - Level 0.7 Dodging
 + Level 7.0 Invocations


You had 6 spell levels left.
You didn't know any spells.
Your spell library was empty.

Dungeon Overview and Level Annotations

Branches:
Dungeon (4/15)
 Temple: D:4-7

Altars:
Trog
Xom
Zin


Message History

The iguana is severely wounded.
The iguana bites you!
* * * LOW HITPOINT WARNING * * *
You hit the iguana but do no damage.
The iguana is severely wounded.
The iguana bites you.
* * * LOW HITPOINT WARNING * * *
You barely miss the iguana.
The iguana is severely wounded.
The iguana bites you.
* * * LOW HITPOINT WARNING * * *
The iguana barely misses you.
Evoke which item? (* to show all) (? for menu, Esc to quit)
Okay, then.
Unknown command.
You aren't in the Abyss!
Space bends sharply around you!
The iguana blinks!
You blink.
* * * LOW HITPOINT WARNING * * *
You feel sick. The iguana bites you.
You die...

#.# #..... #.# #.#
#.##.# #.######.# #.##.#
.........# #.##.#
#.#####.## #.##.# #
#.#####.#####<##.#
##.#.##..............#.#
.......l.##########....#
#.....@..§§..# #..#.#
#.#.###.####.# #..#.# .#
#.# #..#)# .# #.##
#..#.# .# #..## #.....
..###...###..#..
.......†...#..#..
...###...#.#..##. #
##.##.#..##.


You could see an iguana.

Vanquished Creatures
  A sky beast (D:4)
  2 scorpions (D:4)
  A gnoll shaman (D:4)
  Ijyb (D:3)
  7 adders
  6 gnolls (D:4)
  An ooze (D:3)
  3 worms
  6 leopard geckos
  6 orcs
  5 bats
  4 giant cockroaches
  3 goblins
  4 hobgoblins
  6 jackals (D:1)
  6 kobolds
  A quokka (D:3)
  4 ball pythons
  4 frilled lizards
  8 rats
79 creatures vanquished.

Notes
Turn   | Place    | Note
-------+----------+-------------------------------------------
     0 | Abyss:1  | Curus the Hill Orc Abyssal Knight began the quest for the
                  | Orb.
     0 | Abyss:1  | Reached XP level 1. HP: 19/19 MP: 2/2
    51 | Abyss:1  | Noticed a small abomination
    62 | Abyss:1  | Noticed a large abomination
    63 | D:1      | Escaped the Abyss
   213 | D:1      | Reached XP level 2. HP: 26/26 MP: 4/4
   219 | D:1      | Reached * piety under Lugonu
   289 | D:1      | Reached XP level 3. HP: 25/31 MP: 5/5
   855 | D:2      | Reached XP level 4. HP: 38/39 MP: 7/7
   982 | D:2      | Found a glowing silver altar of Zin.
  1250 | D:2      | Found a bloodstained altar of Trog.
  1406 | D:3      | Reached ** piety under Lugonu
  1642 | D:3      | Found a shimmering altar of Xom.
  1658 | D:3      | Reached skill level 5 in Axes
  1658 | D:3      | Reached XP level 5. HP: 44/45 MP: 8/8
  1749 | D:3      | Reached skill level 5 in Invocations
  1763 | D:3      | Noticed Ijyb
  1786 | D:3      | Killed Ijyb
  2302 | D:4      | HP: 2/45 [gnoll/+0 spear (6)]
  2435 | D:4      | Reached XP level 6. HP: 28/51 MP: 10/10
  2929 | D:4      | Noticed a sky beast
  2962 | D:4      | HP: 1/76 [sky beast (6)]
  2963 | D:4      | Killed a sky beast
  3171 | D:4      | Reached XP level 7. HP: 33/57 MP: 12/12
  3191 | D:4      | HP: 1/57 [poisoned by a scorpion]
  3191 | D:4      | Slain by an iguana

Levels and vault maps discovered:
D:1:      onia_arrival_pyramid, layout_basic
D:2:      layout_rooms, nicolae_overflow_hidden_temple, first_ration,
          trog_butcher_becter
D:3:      layout_basic, old_standard_altar, kennysheep_path_1, uniq_ijyb
D:4:      layout_loops_ring, kennysheep_generic_room_7

Skill      XL: |  1  2  3  4  5  6 |
---------------+-------------------+-----
Axes           | 3 4 5 6 7 |  7.1
Invocations    | 3 4 5 7 |  7.0
Fighting       | |  3.6
Armour         | |  2.1
Dodging        | |  0.7

Action                   |  1- 3 |  4- 6 |  7- 9 || total
-------------------------+-------+-------+-------++-------
Melee: Hand axe          |    96 |   239 |       ||   335
       War axe           |       |     5 |    10 ||    15
Invok: Depart the Abyss  |     1 |       |       ||     1
       Bend Space        |       |       |     1 ||     1
  Use: Scroll            |     3 |     4 |       ||     7
       Potion            |     3 |     5 |     1 ||     9
  Eat: Chunk             |       |     6 |       ||     6
       Ration            |       |     1 |       ||     1
Armor: Leather armour    |    34 |    28 |       ||    62
       Scale mail        |       |    27 |       ||    27
       Chain mail        |       |    83 |     1 ||    84
       Skin              |       |     8 |       ||     8
Dodge: Dodged            |    65 |   102 |     3 ||   170
